 Dungeon Sprint DCSS version 0.31-a0-142-g31f6795574 (webtiles) character file.

Game seed: 11445085434965414908

1441 Conn the Arsonist (level 8, 0/50 HPs)
             Began as an Octopode Fire Elementalist on June 3, 2023.
             Was a Follower of Sif Muna.
             Engulfed by a cloud of steam (7 damage)
             ... in the Dungeon (Sprint II: "The Violet Keep of Menkaure").
             The game lasted 00:09:47 (575 turns).

Conn the Arsonist (Octopode Fire Elementalist)       Turns: 575, Time: 00:09:48

Health: 0/50       AC:  1    Str:  7    XL:     8   Next: 74%
Magic:  2/20       EV: 15    Int: 20    God:    Sif Muna [*.....]
Gold:   149        SH:  0    Dex: 12    Spells: 14/24 levels left

rFire   . . .        u - +0 war axe (heavy)
rCold   + . .        (no shield)
rNeg    . . .        (helmet restricted)
rPois   +            (no amulet)
rElec   .            c - ring of poison resistance
rCorr   .            n - ring of protection from cold
SInv    .            (no ring)
Will    .....        (no ring)
Stlth   +++++        (no ring)
HPRegen 0.28/turn    (no ring)
MPRegen 0.17/turn    (no ring)
                     (no ring)

%: no teleportation
@: no status effects
A: almost no armour, amphibious, 8 rings, camouflage 1, gelatinous body 1,
nimble swimmer 1, tentacles
a: Renounce Religion, Channel Magic


You were in the Dungeon.
You worshipped Sif Muna.
Sif Muna was aware of your devotion.
You visited 1 branch You collected 389 gold pieces.
You spent 240 gold pieces at shops.

Inventory:

Hand Weapons
 u - a +0 heavy war axe (weapon)
Jewellery
 c - a ring of poison resistance (left tentacle)
 n - a ring of protection from cold (right tentacle)
Scrolls
 e - a scroll of magic mapping
 f - a scroll of blinking
 i - a scroll of summoning
 j - 3 scrolls of silence
 l - a scroll of enchant armour
 o - a scroll of poison
 p - a scroll of fog
 r - a scroll of fear
Potions
 a - 5 potions of magic
 b - a potion of curing
 d - 2 potions of haste
 k - 2 potions of resistance
 m - 4 potions of enlightenment
 q - 2 potions of might
 s - a potion of ambrosia
 t - a potion of heal wounds


   Skills:
 + Level 2.1 Fighting
 + Level 5.5 Dodging
 - Level 5.0 Stealth
 + Level 8.9 Spellcasting
 * Level 7.9 Conjurations
 + Level 2.0 Hexes
 + Level 11.9 Fire Magic
 * Level 5.8 Invocations


You had 14 spell levels left.
You knew the following spells:

 Your Spells              Type           Power      Damage    Failure   Level
a - Foxfire               Conj/Fire      100%       2x1d9     1%          1
b - Scorch                Fire           100%       2d9       1%          2
c - Inner Flame           Hex/Fire       36%        N/A       1%          3
d - Flame Wave            Conj/Fire      48%        2d12      1%          4

Your spell library contained the following spells:

 Spells                   Type           Power      Damage    Failure   Level
 Volatile Blastmotes      Fire/Tloc      64%        2d15      1%          3


Dungeon Overview and Level Annotations

Branches:
Dungeon (1/1)

Altars:
Cheibriados
Dithmenos
Elyvilon
Fedhas
Gozag
Hepliaklqana
Kikubaaqudgha
Makhleb
Nemelex Xobeh
Okawaru
Qazlal
Ru
Sif Muna
Trog
Uskayaw
Vehumet
Wu Jian
Xom
Yredelemnul
Zin
The Shining One
Jiyva
Lugonu

Shops:
D [:(!(==?![?:(=!

Annotations:
D exclusion: oklob plant


Innate Abilities, Weirdness & Mutations

You cannot wear most types of armour.
You are amphibious.
You can wear up to eight rings at the same time.
Your skin changes colour to match your surroundings (Stealth+).
Your rubbery body absorbs attacks. (AC +1, EV +1)
You are camouflaged when in or above water. (Stealth+)
You have tentacles for arms and can constrict up to eight enemies at once.


Message History

The death drake is burned terribly!
The death drake is moderately wounded. (Press . to intensify the flame waves.)
The death drake bites you. The death drake misses you.
A wave of flame ripples out!
The flame wave engulfs the death drake!
The death drake is burned terribly!
The death drake is heavily wounded.
The death drake closely misses you.
Unknown command.
A wave of flame ripples out!
The flame wave engulfs the death drake!
The death drake is burned terribly!
The death drake is heavily wounded.
You finish channelling waves of flame.
You hear a roar!
The death drake is no longer more vulnerable to fire.
The death drake bites you!
Casting: Flame Wave (dangerous; 1% risk of failure)
Confirm with . or Enter, or press ? or * to list all spells.
Casting: Flame Wave (dangerous; 1% risk of failure)
Press: ? - help, Dir - look around, f - activate A wave of flame ripples out!
The flame wave engulfs the death drake!
The death drake is severely wounded. (Press . to intensify the flame waves.)
The death drake breathes miasma at you. The foul vapour engulfs you!
A wave of flame ripples out!
The flame wave engulfs the death drake!
The death drake is severely wounded.
You are engulfed in dark miasma.
You are poisoned.
You feel very sick. The death drake breathes miasma at you.
The foul vapour misses you. The death drake bites you.
* * * LOW HITPOINT WARNING * * *
Really swim into that cloud of steam?
You are engulfed in a cloud of scalding steam.
* * * LOW HITPOINT WARNING * * *
x2 You feel very sick.
Unknown command.
You feel better.
You are engulfed in a cloud of scalding steam.
You die...

##..# #})▓......(.▓▓ ##.####
+.####○:▓.....).[▓▓ #....#
^..####▓......![▓▓ ###..## #.k#
$#▓....[.[.▓▓ ###.##..# +..#
.#▓.[.)...(▓▓ ##.B.#..# #..#
.#▓..(...).▓▓ .+
#+..####..##°#▓.([.....▓▓
##$B.#....###.^§##▓▓▓▓▓▓▓'▓▓▓▓+▓
###.##......~§§k@§§~~~~~~...≈≈≈▓
###~~.....§#'########+###.≈≈≈▓
#~~~~§~~.§§#..._._._#S~§##≈≈≈▓
#~~~~~§§~.~#_._._._.#S§≈≈####▓
#~~~≈§§~§~~~#._._._._#§§~§≈#
~~~~~§§≈§≈~~~#_._._._.#§§~§≈≈
'''#~≈§≈§≈≈≈~#._._._..#§~§~§≈
##≈≈≈###≈≈#_._._...#~§~~≈§
#§§#._._....#~~≈≈§≈


You could see a death drake (catching breath) and 2 water moccasins.

Vanquished Creatures
  A yaktaur (D)
  A hornet (D)
  3 polar bears (D)
  Menkaure (D)
  A water moccasin (D)
  4 necrophages (D)
11 creatures vanquished.

Vanquished Creatures (others)
  A water moccasin (D)
  29 foxfires (D)
  8 tentacles (D)
38 creatures vanquished.

Grand Total: 49 creatures vanquished

Notes
Turn   | Place    | Note
-------+----------+-------------------------------------------
     0 | D        | Conn the Octopode Fire Elementalist began the quest for the
                  | Orb.
     0 | D        | Reached XP level 1. HP: 11/11 MP: 3/3
     1 | D        | Noticed a necrophage
     1 | D        | Noticed a necrophage
     1 | D        | Noticed a necrophage
     1 | D        | Noticed a necrophage
     9 | D        | Killed a necrophage
    10 | D        | Reached skill level 5 in Fire Magic
    10 | D        | Reached XP level 2. HP: 16/17 MP: 1/7
    10 | D        | Reached XP level 3. HP: 20/21 MP: 1/8
    10 | D        | Reached XP level 4. HP: 26/27 MP: 1/10
    14 | D        | Killed a necrophage
    15 | D        | Reached skill level 5 in Spellcasting
    15 | D        | Reached skill level 6 in Fire Magic
    15 | D        | Reached XP level 5. HP: 28/31 MP: 1/12
    23 | D        | Reached skill level 7 in Fire Magic
    31 | D        | Reached skill level 5 in Conjurations
    31 | D        | Reached skill level 8 in Fire Magic
    31 | D        | Reached XP level 6. HP: 18/36 MP: 0/15
    76 | D        | Killed a water moccasin
    97 | D        | Learned a level 2 spell: Scorch
   101 | D        | Learned a level 3 spell: Inner Flame
   106 | D        | Learned a level 4 spell: Flame Wave
   117 | D        | Found Vahouged's Antique Weapon Emporium.
   117 | D        | Found Dunuewug's Distillery.
   117 | D        | Found Qanang's Distillery.
   117 | D        | Found Fogionos's Book Shoppe.
   117 | D        | Found Nonanoeh's Jewellery Shoppe.
   117 | D        | Found Peuzof's Magic Scroll Emporium.
   117 | D        | Found Wugim's Magic Scroll Emporium.
   117 | D        | Found Ocluufie's Jewellery Shoppe.
   118 | D        | Found Notsemoll's Jewellery Emporium.
   118 | D        | Found Fiocvadd's Antique Weapon Shoppe.
   118 | D        | Found Miomap's Distillery.
   118 | D        | Noticed a fire dragon
   119 | D        | Found Bupoirro's Antique Armour Emporium.
   119 | D        | Noticed a water moccasin
   122 | D        | Killed a water moccasin
   123 | D        | Reached skill level 5 in Stealth
   123 | D        | Reached skill level 9 in Fire Magic
   124 | D        | Found Mocrepr Odghi's Weapon Emporium.
   124 | D        | Noticed an oklob plant
   125 | D        | Found Femitann's Antique Armour Shoppe.
   125 | D        | Found Routu's Book Shoppe.
   142 | D        | Noticed a redback
   143 | D        | Noticed an ice dragon
   146 | D        | Bought a ring of poison resistance for 240 gold pieces
   147 | D        | Noticed a redback
   167 | D        | Noticed a flying skull
   169 | D        | Noticed a flying skull
   169 | D        | Noticed a flying skull
   170 | D        | Noticed a flying skull
   171 | D        | Noticed a flying skull
   171 | D        | Noticed a flying skull
   171 | D        | Noticed a flying skull
   172 | D        | Noticed a flying skull
   172 | D        | Noticed a flying skull
   172 | D        | Noticed a flying skull
   172 | D        | Noticed a flying skull
   172 | D        | Noticed a flying skull
   180 | D        | Noticed a boulder beetle
   181 | D        | Noticed a boulder beetle
   183 | D        | Found a glowing golden altar of the Shining One.
   183 | D        | Found an ornate altar of the Wu Jian Council.
   184 | D        | Found a shimmering altar of Xom.
   184 | D        | Found a sacrificial altar of Ru.
   185 | D        | Found a basalt altar of Yredelemnul.
   185 | D        | Found a shimmering blue altar of Sif Muna.
   185 | D        | Found a stormy altar of Qazlal.
   185 | D        | Found a viscous altar of Jiyva.
   186 | D        | Found a glowing silver altar of Zin.
   186 | D        | Found a bloodstained altar of Trog.
   186 | D        | Found an ancient bone altar of Kikubaaqudgha.
   187 | D        | Found a hide-covered altar of Uskayaw.
   187 | D        | Found a corrupted altar of Lugonu.
   187 | D        | Found a shadowy altar of Dithmenos.
   187 | D        | Noticed Menkaure
   188 | D        | Found a radiant altar of Vehumet.
   188 | D        | Found a burning altar of Makhleb.
   188 | D        | Found a white marble altar of Elyvilon.
   189 | D        | Found a sparkling altar of Nemelex Xobeh.
   189 | D        | Found a blossoming altar of Fedhas.
   191 | D        | Killed Menkaure
   192 | D        | Found an iron altar of Okawaru.
   192 | D        | Found an opulent altar of Gozag.
   192 | D        | Found a hazy altar of Hepliaklqana.
   192 | D        | Found a snail-covered altar of Cheibriados.
   197 | D        | Became a worshipper of Sif Muna the Loreminder
   204 | D        | Noticed a water moccasin
   205 | D        | Noticed a water moccasin
   209 | D        | Noticed a kraken
   358 | D        | Noticed a water moccasin
   402 | D        | Noticed a yaktaur
   402 | D        | Noticed a hornet
   402 | D        | Noticed a polar bear
   403 | D        | Noticed a polar bear
   404 | D        | Noticed a polar bear
   416 | D        | Killed a hornet
   417 | D        | Reached skill level 1 in Fighting
   417 | D        | Reached skill level 5 in Dodging
   417 | D        | Reached skill level 1 in Hexes
   417 | D        | Reached skill level 10 in Fire Magic
   417 | D        | Reached XP level 7. HP: 37/43 MP: 6/17
   418 | D        | Killed a polar bear
   418 | D        | Killed a polar bear
   418 | D        | Reached * piety under Sif Muna
   418 | D        | Killed a polar bear
   419 | D        | Reached skill level 11 in Fire Magic
   419 | D        | Reached skill level 5 in Invocations
   419 | D        | Reached XP level 8. HP: 40/50 MP: 1/20
   419 | D        | Killed a yaktaur
   424 | D        | Noticed a death drake
   477 | D        | Noticed a flying skull
   477 | D        | Noticed a flying skull
   574 | D        | HP: 2/50 [poisoned by a death drake (dark miasma)]
   575 | D        | Engulfed by a cloud of steam

Illustrated notes

Levels and vault maps discovered:
D:        the_violet_keep_of_menkaure [sprint2_stairs_cluster_1,
          sprint2_shoproom, sprint2_temple, sprint2_basic_supplies,
          sprint2_obstacle_6, sprint2_obstacle_2, sprint2_obstacle_1,
          sprint2_obstacle_5, sprint2_obstacle_7, sprint2_timed_cluster_1,
          sprint2_smallroom_cluster_1, sprint2_smallroom_final_cluster_1,
          sprint2_transparent_cluster_1, sprint2_second_timed_cluster_1,
          sprint2_sniper_area_1, sprint2_heavy_combat_area_1,
          sprint2_mutation_trap_area_1, sprint2_forest_area_1,
          sprint2_light_combat_area_1, sprint2_behind_water_1,
          sprint2_near_end_vault_1]

Skill      XL: |  1  2  3  4  5  6  7  8 |
---------------+-------------------------+-----
Stealth        | 3 4 5 |  5.0
Spellcasting   | 4 5 6 7 8 |  8.9
Conjurations   | 3 4 5 6 7 |  7.9
Fire Magic     | 5 6 8 10 11 | 11.9
Dodging        | 3 4 5 |  5.5
Fighting       | 1 2 |  2.1
Hexes          | 1 2 |  2.0
Invocations    | 2 5 |  5.8

Action                     |  1- 3 |  4- 6 |  7- 9 || total
---------------------------+-------+-------+-------++-------
  Melee: Unarmed           |     3 |    15 |       ||    18
         Tentacles         |     2 |     2 |       ||     4
         Constrict         |     1 |     2 |       ||     3
   Cast: Foxfire           |     2 |    19 |       ||    21
         Inner Flame       |       |     3 |     2 ||     5
         Scorch            |       |     3 |     1 ||     4
         Flame Wave        |       |     1 |     3 ||     4
    Use: Potion            |     2 |     6 |     1 ||     9
         Scroll            |       |    10 |       ||    10
 Armour: Skin              |       |     1 |       ||     1
  Dodge: Dodged            |       |     6 |     5 ||    11

Table legend: (Time is in decaauts)
 A = Elapsed time spent in this place.
 B = Non-inter-level travel time spent in this place.
 C = Inter-level travel time spent in this place.
 D = Time resting spent in this place.
 E = Time spent auto-exploring this place.
 F = Levels seen in this place.
 G = Mean time per level.
                   A        B        C        D        E       F      G
               +--------+--------+--------+--------+--------+-----+--------+
         Total |    532 |    532 |      0 |    149 |      0 |   1 |  532.0 |
       Dungeon |    532 |    532 |      0 |    149 |      0 |   1 |  532.0 |
               +--------+--------+--------+--------+--------+-----+--------+

Top non-repeatable levels by time:
       D: 532 daAuts
